 Dungeon Crawl Stone Soup version 0.31-a0-18-gea43df2a32 (webtiles) character file.

Game seed: 7171288079272466027

45 IdlyInterested the Magician (level 3, -5/27 HPs)
             Began as a Demonspawn Wanderer on May 10, 2023.
             Killed by nerve-wracking pain
             ... invoked by an orc priest
              (6 damage)
             ... on level 2 of the Dungeon.
             The game lasted 00:03:36 (1119 turns).

IdlyInterested the Magician (Demonspawn Wanderer)   Turns: 1119, Time: 00:03:37

Health: -5/27      AC:  5    Str: 12    XL:     3   Next: 42%
Magic:  9/9        EV: 10    Int: 13    God:
Gold:   63         SH:  0    Dex: 14    Spells: 11/12 levels left

rFire   . . .        a - +3 dagger
rCold   . . .        (no shield)
rNeg    . . .        e - +0 ring mail
rPois   .            (no helmet)
rElec   .            (no cloak)
rCorr   .            (no gloves)
SInv    .            (no boots)
Will    .....        (no amulet)
Stlth   +            (no ring)
HPRegen 0.24/turn    (no ring)
MPRegen 0.11/turn

%: no passive effects
@: hasted, very quick
A: claws 1, foul stench 1
a: no special abilities


You were on level 2 of the Dungeon.
You visited 1 branch of the dungeon, and saw 2 of its levels.

You collected 63 gold pieces.

Inventory:

Hand Weapons
 a - a +3 dagger (weapon)
 n - a +0 long sword
Missiles
 b - 2 curare-tipped darts
 k - 5 stones (quivered)
 l - 5 boomerangs
Armour
 d - a +0 robe
 e - a +0 ring mail (worn)
Jewellery
 j - a ring of fire
Scrolls
 c - a scroll of blinking
 f - a scroll of teleportation {unknown}
 g - a scroll of magic mapping {unknown}
 h - 2 scrolls of immolation {unknown}
 i - 2 scrolls of identify {unknown}
 m - a scroll of enchant armour {unknown}


   Skills:
 + Level 2.3 Fighting
 - Level 2.6 Throwing
 + Level 0.0 Dodging
 - Level 1.0 Stealth
 * Level 1.2 Unarmed Combat
 - Level 5.0 Spellcasting
 - Level 1.2 Invocations
 - Level 1.0 Evocations


You had 11 spell levels left.
You knew the following spells:

 Your Spells              Type           Power      Damage    Failure   Level
a - Freeze                Ice            12%        1d3       38%         1

Your spell library contained the following spells:

 Spells                   Type           Power      Damage    Failure   Level
 Frozen Ramparts          Ice            6%         1d1       77%         3


Dungeon Overview and Level Annotations

Branches:
Dungeon (2/15)

Altars:

Shops:
D:2 (


Innate Abilities, Weirdness & Mutations

You have sharp fingernails.
You may rarely emit foul miasma when damaged in melee.


Message History

The orc priest is moderately wounded.
The orc priest calls down the wrath of Beogh upon something.
Beogh smites you!
Ouch! That really hurt!
A rat comes into view.
The orc priest hits you with a +0 mace. The kobold attacks as you move away!
The kobold barely misses you.
The orc priest attacks as you move away!
The orc priest closely misses you.
The orc priest looks satisfied for a moment.
The kobold attacks as you move away! The kobold barely misses you.
The orc priest looks encouraged for a moment.
Okay, then.
You hit the kobold.
You kill the kobold!
Training target 1.0 for Stealth reached!
Your Stealth skill increases to level 1!
Unknown command.
It was a potion of haste.
You feel yourself speed up.
You barely miss the orc priest.
The orc priest is moderately wounded.
You hit the orc priest.
The orc priest is heavily wounded.
You closely miss the orc priest.
The orc priest is heavily wounded.
The orc priest hits you with a +0 mace. The orc hits you with a +0 flail.
* * * LOW HITPOINT WARNING * * *
You closely miss the orc priest.
The orc priest is heavily wounded.
The orc priest hits you but does no damage.
The orc hits you with a +0 flail.
* * * LOW HITPOINT WARNING * * *
You hit the orc priest.
The orc priest is severely wounded.
You hit the orc priest.
The orc priest is almost dead.
The orc priest looks encouraged for a moment.
The orc priest invokes the aid of Beogh against you.
Pain shoots through your body!
You die...

# 8.8# ##.
⌠.⌠.# #..
.∩.8#
#.#.o.⌠..
#.#8.8[8r
#o.o..... #o#
##o##
#####.o@###.#
.......#.....#
.#####...#####
##.## #.# #
#.# ###.#
#...# #.#.#


You could see 2 orc priests and 2 orcs.

Vanquished Creatures
  A dart slug (D:1)
  4 ball pythons
  6 bats
  4 endoplasms (D:1)
  A giant cockroach (D:2)
  3 goblins (D:1)
  A hobgoblin (D:1)
  8 jackals (D:1)
  3 kobolds
  2 quokkas (D:1)
  2 frilled lizards
  3 rats (D:1)
38 creatures vanquished.

Notes
Turn   | Place    | Note
-------+----------+-------------------------------------------
     0 | D:1      | IdlyInterested the Demonspawn Wanderer began the quest for
                  | the Orb.
     0 | D:1      | IdlyInterested set off with the following items: a +3
                  | dagger, 2 curare-tipped darts, a scroll of blinking, a +0
                  | robe; and the following spell memorised: Freeze; and the
                  | following spells available to memorise: Frozen Ramparts.
     0 | D:1      | Reached XP level 1. HP: 15/15 MP: 6/6
   245 | D:1      | Gained mutation: You have sharp fingernails. [demonic
                  | ancestry]
   245 | D:1      | Reached XP level 2. HP: 7/22 MP: 8/8
   257 | D:1      | Reached skill level 1 in Evocations
   618 | D:1      | Gained mutation: You may rarely emit foul miasma when
                  | damaged in melee. [demonic ancestry]
   618 | D:1      | Reached XP level 3. HP: 24/27 MP: 9/9
   656 | D:1      | Reached skill level 1 in Unarmed Combat
  1106 | D:2      | Found Citwy's Weapon Emporium.
  1113 | D:2      | Reached skill level 1 in Stealth
  1117 | D:2      | HP: 1/27 [orc/+0 flail (3)]
  1119 | D:2      | Killed from afar by an orc priest

Illustrated notes

Levels and vault maps discovered:
D:1:      minmay_arrival_wavy_path, layout_basic
D:2:      layout_loops_ring, serial_shops,
          nicolae_shop_temple_entry_statues_fountains, basic_altar

Skill      XL: |  1  2  3 |
---------------+----------+-----
Fighting       | 2 |  2.3
Evocations     | 1 |  1.0
Unarmed Combat | 1 |  1.2
Stealth        | 1 |  1.0
Throwing       | |  2.6
Spellcasting   | |  5.0
Invocations    | |  1.2

Action                     || total
---------------------------++-------
  Melee: Dagger            ||   127
    Use: Potion            ||     1
 Armour: Ring mail         ||    61
  Dodge: Dodged            ||    76

Table legend: (Time is in decaauts)
 A = Elapsed time spent in this place.
 B = Non-inter-level travel time spent in this place.
 C = Inter-level travel time spent in this place.
 D = Time resting spent in this place.
 E = Time spent auto-exploring this place.
 F = Levels seen in this place.
 G = Mean time per level.
                   A        B        C        D        E       F      G
               +--------+--------+--------+--------+--------+-----+--------+
         Total |   1116 |   1032 |     84 |    119 |    584 |   2 |  558.0 |
       Dungeon |   1116 |   1032 |     84 |    119 |    584 |   2 |  558.0 |
               +--------+--------+--------+--------+--------+-----+--------+

Top non-repeatable levels by time:
     D:1: 1015 daAuts
     D:2: 101 daAuts
